[Event "*** Titled Tuesday Blitz"]
[Site "Chess.com"]
[Date "2021.04.20"]
[Round "10"]
[White "ckgchess"]
[Black "korbul"]
[Result "1-0"]
[WhiteElo "2700"]
[BlackElo "2581"]
[TimeControl "180+1"]
[EndTime "11:53:08 PDT"]
[Termination "ckgchess won by resignation"]

1. e4 c5 2. c3 d5 3. exd5 Nf6 4. Nf3 Nxd5 5. d4 cxd4 6. Qxd4 Nc6 7. Bb5 e6 8. O-O Qb6 9. Qxb6 axb6 10. Ne5 Bd7 11. Nxd7 Kxd7 12. Rd1 Kc8 13. c4 Nc7 14. Nc3 Bb4 15.
Be3 Bc5 16. Bxc5 bxc5 17. Bxc6 bxc6 18. Ne4 f6 19. Nxc5 Rd8 20. Rxd8+ Kxd8 21. Rd1+ Kc8 22. a4 Rb8 23. b3 Ra8 24. Rd6 e5 25. g4 Ra5 26. Rxc6 Kb8 27. b4 Ra7 28. a5 Ne8 29. a6 Re7 30. b5 e4 31. b6 1-0

[Event "*** Titled Tuesday Blitz"]
[Site "Chess.com"]
[Date "2021.04.20"]
[Round "10"]
[White "NTBT_DHS"]
[Black "mishanick"]
[Result "0-1"]
[WhiteElo "2726"]
[BlackElo "2972"]
[TimeControl "180+1"]
[EndTime "11:53:16 PDT"]
[Termination "mishanick won by checkmate"]

1. d4 Nf6 2. c4 e6 3. Nf3 d5 4. g3 Bb4+ 5. Bd2 Be7 6. Bg2 O-O 7. O-O c6 8. Qc2 Nbd7 9. Bf4 b6 10.
cxd5 cxd5 11. Rc1 Ba6 12. Bc7 Qc8 13. e3 Qb7 14. Bf4 Rfc8 15. Nc3 Ne4 16. Qa4 Nxc3 17. Rxc3 Rxc3 18. bxc3 Rc8 19. Rc1 Bd3 20. Nd2 b5 21. Qb3 Qa6 22. Bf1 Bxf1 23. Nxf1 g5 24. Be5 f6 25. Bf4 gxf4 26. exf4 f5 27. Re1 Nf6 28.
Re5 Qc6 29. Ne3 Kf7 30. g4 Nxg4 31. Nxg4 Rg8 32. h3 fxg4 33. Qc2 gxh3+ 34. Kh2 Rg6 35. Rh5 Kg7 36. Rxh3 Bd6 37. Qd2 Qc7 38. Kh1 Qf7 39. Qe2 Qf5 40. Qf3 Qb1+ 41. Kh2 Qg1# 0-1

[Event "*** Titled Tuesday Blitz"]
[Site "Chess.com"]
[Date "2021.04.20"]
[Round "10"]
[White "FMalexhdez"]
[Black "ferch1ni"]
[Result "1-0"]
[WhiteElo "2241"]
[BlackElo "2358"]
[TimeControl "180+1"]
[EndTime "11:53:21 PDT"]
[Termination "FMalexhdez won by resignation"]

1. e4 c5 2. Nf3 Nc6 3. d4 cxd4 4. Nxd4 g6 5. Nc3 Bg7 6. Nb3 d6 7. Be2 Nf6 8. O-O O-O 9. Re1 a6 10. Bf1 b5 11. Nd5 Bb7 12. Bg5 Nxd5 13. exd5 Ne5 14. c3 h6 15. Bh4 g5 16. Bg3 f5 17. Bxe5 Bxe5 18. Qh5 Kg7 19. Rad1 Qe8 20. Qxe8 Raxe8 21. Rxe5 Kh7 22. Re6 Kg7 23. Na5 Bc8 24. Re3 f4 25. Ree1 Kf6 26. Be2 Rd8 27. Nc6 Rd7 28. Bg4 Rc7 29.
Bxc8 Rfxc8 30. Re6+ Kf7 31. Rde1 b4 32. cxb4 h5 33.
Rxe7+ Rxe7 34. Rxe7+ Kf6 35. Re6+ Kf5 36. Rxd6 Re8 37.
Re6 Rc8 38. Ne7+ Kg4 39. f3+ 1-0

[Event "*** Titled Tuesday Blitz"]
[Site "Chess.com"]
[Date "2021.04.20"]
[Round "10"]
[White "LamaChampetre"]
[Black "Nils_03"]
[Result "0-1"]
[WhiteElo "2215"]
[BlackElo "2400"]
[TimeControl "180+1"]
[EndTime "11:53:23 PDT"]
[Termination "Nils_03 won by resignation"]

1. d4 d5 2. c4 e6 3. Nf3 c6 4.
g3 f5 5. Bg2 Nf6 6. O-O Be7 7.
b3 O-O 8. Ba3 Nbd7 9. Qc2 Ne4 10.
Bxe7 Qxe7 11. Nc3 b6 12. Nd2 Bb7 13. f3 Nxc3 14. Qxc3 c5 15. e4 cxd4 16. Qxd4 fxe4 17. fxe4 e5 18. Qd3 d4 19. a3 Nc5 20. Qe2 a5 21.
Qh5 h6 22. b4 axb4 23. axb4 Rxa1 24. Rxa1 Nd3 25. c5 bxc5 26. bxc5 Qxc5 27. Bh3 Qc3 28. Rd1 Nb2 29. Be6+ Kh8 30. Bf5 Qe3+ 31. Kg2 Nxd1 32.
Qg6 Qxd2+ 33. Kh3 Nf2+ 34. Kh4 Qg5+ 35. Qxg5 hxg5+ 0-1

[Event "*** Titled Tuesday Blitz"]
[Site "Chess.com"]
[Date "2021.04.20"]
[Round "10"]
[White "Pertinhez76"]
[Black "Ghost_Pepper"]
[Result "1-0"]
[WhiteElo "2087"]
[BlackElo "2352"]
[TimeControl "180+1"]
[EndTime "11:53:26 PDT"]
[Termination "Pertinhez76 won by resignation"]

1. e4 c5 2. Nf3 d6 3. c3 Nf6 4. g3 Nc6 5. Bg2 Nxe4 6. d4 cxd4 7. cxd4 d5 8. Nc3 Nxc3 9. bxc3 e6 10. O-O Be7 11. Ne5 O-O 12. f4 Qc7 13. Bd2 Bd7 14. Qh5 g6 15. Qh6 Bf6 16. Rae1 Bg7 17. Qh4 Be8 18.
Ng4 h5 19. Ne5 Qd8 20. Qh3 Ne7 21. g4 hxg4 22. Qxg4 Nf5 23. Nf3 Bb5 24. Rf2 Bc4 25. a3 Rc8 26. h4 Qf6 27. Bh3 Bd3 28. Rh2 Be4 29. Bg2 Bxf3 30. Bxf3 Nh6 31. Qg5 Qxg5+ 32. hxg5 Nf5 33. Bg4 Rc4 34. Bxf5 gxf5 35. Rh3 Rfc8 36. Kf2 Ra4 37. Ra1 Rc6 38. Bc1 Rb6 39. Ke2 Rb3 40. Kd2 Bxd4 41. Kc2 Rb6 42. cxd4 Rc4+ 43. Rc3 Rxd4 44.
Be3 1-0

[Event "*** Titled Tuesday Blitz"]
[Site "Chess.com"]
[Date "2021.04.20"]
[Round "10"]
[White "topin8"]
[Black "GoValya"]
[Result "0-1"]
[WhiteElo "2189"]
[BlackElo "2304"]
[TimeControl "180+1"]
[EndTime "11:53:27 PDT"]
[Termination "GoValya won by resignation"]

1. e4 g6 2. d4 Bg7 3. Nf3 d5 4. e5 c5 5. c3 cxd4 6. cxd4 Bg4 7. h3 Bxf3 8. Qxf3 Nc6 9. Bb5 e6 10. Bxc6+ bxc6 11. Qc3 Ne7 12. Nd2 O-O 13. Nb3 f6 14.
exf6 Bxf6 15. O-O Qd6 16. Be3 Nf5 17. Rac1 Rac8 18. g4 Nxe3 19. Qxe3 e5 20. f4 exd4 21. Nxd4 Rfe8 22. Qd2 Re4 23. Nb3 Rce8 24. Rf2 Re3 25. Kg2 d4 26. Rc4 Qd5+ 27. Kh2 Qxc4 28. Qc2 0-1

[Event "*** Titled Tuesday Blitz"]
[Site "Chess.com"]
[Date "2021.04.20"]
[Round "10"]
[White "LenkaPtacnikova"]
[Black "rachidhuilda"]
[Result "0-1"]
[WhiteElo "2168"]
[BlackElo "2264"]
[TimeControl "180+1"]
[EndTime "11:53:28 PDT"]
[Termination "rachidhuilda won by resignation"]

1. e4 d5 2. exd5 Qxd5 3. Nc3 Qa5 4. Nf3 c6 5. Bc4 Nf6 6. O-O Bf5 7.
d4 e6 8. Bd2 Qc7 9. Qe2 Be7 10.
Rac1 O-O 11. h3 h6 12. Rfe1 Nbd7 13. a3 Rfe8 14. Ne5 Nxe5 15. dxe5 Nd5 16. Bb3 Rad8 17. Nxd5 exd5 18. c4 d4 19. Qf3 Be6 20. Bf4 c5 21. Ba4 Rf8 22. Qe4 d3 23. Red1 Rd4 24. Qf3 Bxc4 25. Be3 Bd5 26. Bxd4 Bxf3 27. gxf3 Qa5 0-1

[Event "*** Titled Tuesday Blitz"]
[Site "Chess.com"]
[Date "2021.04.20"]
[Round "10"]
[White "Jospem"]
[Black "Nuvas"]
[Result "1-0"]
[WhiteElo "2967"]
[BlackElo "2642"]
[TimeControl "180+1"]
[EndTime "11:53:34 PDT"]
[Termination "Jospem won by resignation"]

1. e4 c5 2. Nf3 d6 3. c3 Nf6 4. Be2 Nc6 5. d4 cxd4 6. cxd4 Nxe4 7. d5 Qa5+ 8. Nc3 Ne5 9. Nxe5 Nxc3 10. bxc3 Qxc3+ 11. Bd2 Qxe5 12. O-O Bd7 13. Rc1 Qxd5 14. Bf3 Qxa2 15. Bxb7 Rb8 16. Rc7 Qb2 17. Qf3 Qxd2 18. Bc6 f6 19. Rxd7 Kf7 20. Bd5+ Ke8 21. Rxa7 g6 22. Be6 Qc2 23. Qb7 1-0

[Event "*** Titled Tuesday Blitz"]
[Site "Chess.com"]
[Date "2021.04.20"]
[Round "10"]
[White "GrigoriyM2001"]
[Black "viktorgen2021"]
[Result "1-0"]
[WhiteElo "2558"]
[BlackElo "2367"]
[TimeControl "180+1"]
[EndTime "11:53:34 PDT"]
[Termination "GrigoriyM2001 won by resignation"]

1. d4 Nf6 2. c4 e6 3. g3 c5 4. d5 exd5 5. cxd5 d6 6. Nc3 g6 7.
Nf3 Bg7 8. Bg2 O-O 9. O-O Re8 10. Nd2 Na6 11. Nc4 Nc7 12. a4 Rb8 13. Bf4 Bf8 14. e4 b6 15. e5 dxe5 16. Nxe5 Bb7 17. Nc6 Bxc6 18. dxc6 Qc8 19. Nb5 Re7 20. Re1 Nfe8 21.
Rxe7 Bxe7 22. Qd7 Bd8 23. Rd1 Nf6 24. Qxd8+ Qxd8 25. Rxd8+ Rxd8 26. Nxc7 Rd1+ 27. Bf1 Kf8 28. Kg2 Ke7 29. Nb5 a6 30. c7 1-0

[Event "*** Titled Tuesday Blitz"]
[Site "Chess.com"]
[Date "2021.04.20"]
[Round "10"]
[White "MatyChess1"]
[Black "AttractiveMustard"]
[Result "1-0"]
[WhiteElo "2623"]
[BlackElo "2368"]
[TimeControl "180+1"]
[EndTime "11:53:46 PDT"]
[Termination "MatyChess1 won on time"]

1. b3 e5 2. Bb2 Nc6 3. e3 Nf6 4. c4 d5 5. cxd5 Nxd5 6. a3 Be6 7. d3 Qd7 8. Nf3 f6 9. Nbd2 g5 10. h3 O-O-O 11. b4 h5 12. b5 Na5 13. Qa4 b6 14. Nc4 a6 15. Nxa5 axb5 16. Qc2 bxa5 17. d4 e4 18. Nd2 f5 19. Nb3 f4 20. Nc5 Bxc5 21.
Qxc5 fxe3 22. Bxb5 exf2+ 23. Kxf2 Qd6 24. Rac1 Qf4+ 25.
Kg1 Rhf8 26. Rf1 Qd2 27. Rxf8 Qxb2 28. Ba6+ Kd7 29. Qb5+ 1-0

[Event "*** Titled Tuesday Blitz"]
[Site "Chess.com"]
[Date "2021.04.20"]
[Round "10"]
[White "narutosmith"]
[Black "MFBerna"]
[Result "0-1"]
[WhiteElo "2330"]
[BlackElo "2498"]
[TimeControl "180+1"]
[EndTime "11:53:53 PDT"]
[Termination "MFBerna won by resignation"]

1. d4 Nf6 2. c4 c6 3. Nc3 d5 4. cxd5 cxd5 5. f3 Nc6 6. e4 e5 7.
dxe5 Nxe5 8. exd5 Bc5 9. Bg5 O-O 10.
Qd2 Re8 11. Be2 h6 12. Bxf6 Qxf6 13. Ne4 Qh4+ 14. Kd1 Bb6 15. Kc2 Bf5 16. Rd1 Bxe4+ 17. fxe4 Qxe4+ 18. Bd3 Nxd3 19. Qxd3 Qxg2+ 20. Qd2 Qxh1 0-1

[Event "*** Titled Tuesday Blitz"]
[Site "Chess.com"]
[Date "2021.04.20"]
[Round "10"]
[White "ChampStan"]
[Black "Matols"]
[Result "1-0"]
[WhiteElo "2107"]
[BlackElo "2251"]
[TimeControl "180+1"]
[EndTime "11:53:53 PDT"]
[Termination "ChampStan won by resignation"]

1. d4 Nf6 2. c4 e6 3. Nc3 Bb4 4.
Qc2 d5 5. a3 Bxc3+ 6. Qxc3 O-O 7. Bg5 h6 8. Bh4 c6 9. e3 Nbd7 10. Bd3 Re8 11. Ne2 Qc7 12. O-O dxc4 13. Bxc4 e5 14.
Bg3 exd4 15. Nxd4 Qb6 16. Nf5 Qc5 17. Nd6 Re7 18. Rfd1 Qh5 19. h3 Nb6 20. Ba2 Nbd5 21.
Qc5 Qg6 22. Nxc8 Rxc8 23. Bxd5 Nxd5 24. Rxd5 1-0

[Event "*** Titled Tuesday Blitz"]
[Site "Chess.com"]
[Date "2021.04.20"]
[Round "10"]
[White "Frogo47"]
[Black "MIJuanReyesRosa"]
[Result "0-1"]
[WhiteElo "2518"]
[BlackElo "2065"]
[TimeControl "180+1"]
[EndTime "11:53:54 PDT"]
[Termination "MIJuanReyesRosa won by resignation"]

1. e4 c5 2. Nf3 e6 3. d4 cxd4 4. Nxd4 a6 5. c4 Qc7 6. Nc3 Nf6 7. Be2 b6 8. f4 d6 9. O-O Bb7 10. Qd3 Nc6 11. Nxc6 Bxc6 12. b3 Be7 13. Bb2 O-O 14. Qg3 b5 15. Bd3 Rfd8 16. Kh1 Qb7 17. Rae1 bxc4 18.
Bxc4 d5 19. exd5 exd5 20. Bd3 d4 21. Ne2 Bc5 22. Qh4 Bxg2+ 23. Kg1 Bxf1 24. Rxf1 Re8 25. Ng3 Re3 26. Qg5 Rxd3 27. Qxc5 Rd2 28. Rf2 Rxf2 29. Kxf2 Ng4+ 30. Kg1 Ne3 31. Kf2 Qg2+ 32. Ke1 Re8 0-1

[Event "*** Titled Tuesday Blitz"]
[Site "Chess.com"]
[Date "2021.04.20"]
[Round "10"]
[White "A-S-00"]
[Black "chesshermar"]
[Result "1-0"]
[WhiteElo "2319"]
[BlackElo "2207"]
[TimeControl "180+1"]
[EndTime "11:53:55 PDT"]
[Termination "A-S-00 won by checkmate"]

1. d4 Nf6 2. c4 g6 3. g3 Bg7 4. Bg2 O-O 5. Nf3 d6 6. O-O Nc6 7. Nc3 e5 8. d5 Nb8 9. e4 a5 10. h3 Na6 11. Be3 Nd7 12. Rc1 f5 13. exf5 gxf5 14.
Qd2 f4 15. gxf4 exf4 16. Bxf4 Kh8 17. Rce1 Ndc5 18. Bg5 Qd7 19. Re7 Qf5 20. Bh6 Bxh6 21. Qxh6 Rg8 22. Nh4 Qg5 23. Qxh7# 1-0

[Event "*** Titled Tuesday Blitz"]
[Site "Chess.com"]
[Date "2021.04.20"]
[Round "10"]
[White "PotapovaM"]
[Black "Srisshhhtea"]
[Result "1-0"]
[WhiteElo "2483"]
[BlackElo "2325"]
[TimeControl "180+1"]
[EndTime "11:54:01 PDT"]
[Termination "PotapovaM won by checkmate"]

1. Nf3 Nf6 2. b3 e6 3. Bb2 d5 4. g3 Be7 5. Bg2 O-O 6. O-O c5 7.
c4 Nc6 8. cxd5 exd5 9. d4 b6 10.
dxc5 bxc5 11. Nc3 Be6 12. Rc1 Rc8 13. Na4 c4 14. bxc4 dxc4 15. Ng5 Bd5 16. e4 Be6 17. Nxe6 fxe6 18. Bh3 Kf7 19. Qf3 Qd3 20. Qf4 Qxe4 21. Rfe1 Qxf4 22. Bxe6+ Kg6 23. gxf4 Rcd8 24. Rxc4 Nb4 25.
f5+ Kh5 26. Re3 Rd1+ 27. Kg2 Rd3 28. Rh3+ Rxh3 29. Kxh3 Rd8 30. Rh4+ Kg5 31. Bc1+ Rd2 32. Bxd2# 1-0

[Event "*** Titled Tuesday Blitz"]
[Site "Chess.com"]
[Date "2021.04.20"]
[Round "10"]
[White "GMJustin"]
[Black "lacafi"]
[Result "0-1"]
[WhiteElo "2288"]
[BlackElo "2227"]
[TimeControl "180+1"]
[EndTime "11:54:03 PDT"]
[Termination "lacafi won by checkmate"]

1. e4 c6 2. d4 d5 3. e5 Bf5 4. Bd3 Bxd3 5. Qxd3 e6 6. Ne2 Ne7 7. Nd2 Nd7 8. Nf3 c5 9. O-O Nc6 10. c3 Be7 11. Nf4 O-O 12. h4 Rc8 13. a3 Bxh4 14. Nxh4 Qxh4 15. g3 Qg4 16. Kg2 cxd4 17. cxd4 g6 18.
Be3 Ndxe5 19. dxe5 Nxe5 20. Qe2 Qxe2 21. Nxe2 Rc2 22.
Nf4 Ng4 23. Bxa7 Ra8 24. Kh3 h5 25. f3 Rh2# 0-1

[Event "*** Titled Tuesday Blitz"]
[Site "Chess.com"]
[Date "2021.04.20"]
[Round "10"]
[White "cukin84"]
[Black "Kapibara_Warri0r"]
[Result "0-1"]
[WhiteElo "2118"]
[BlackElo "2205"]
[TimeControl "180+1"]
[EndTime "11:54:03 PDT"]
[Termination "Kapibara_Warri0r won by resignation"]

1. e4 e5 2. Nf3 Nc6 3. c3 Nf6 4. d4 Nxe4 5. d5 Bc5 6. dxc6 Bxf2+ 7. Ke2 Bb6 8. Qd5 Nf2 9. Be3 Nxh1 10. Qxe5+ Qe7 11. Qxe7+ Kxe7 12. Nd4 bxc6 13. Nd2 Re8 14. Kf3 c5 15. Nf5+ Kf6 16. Bd3 Bb7+ 17. Kg4 h5+ 18.
Kxh5 g6+ 19. Kh4 gxf5 20. Bg5+ Kg6 21. Bxf5+ Kxf5 22. Rf1+ Kg6 23. Rf6+ Kg7 24. Rh6 Rh8 25. Rxh8 Rxh8+ 26. Kg4 Nf2+ 27. Kg3 Ne4+ 0-1

[Event "*** Titled Tuesday Blitz"]
[Site "Chess.com"]
[Date "2021.04.20"]
[Round "10"]
[White "Orest_Vovk"]
[Black "KeithArkell"]
[Result "1-0"]
[WhiteElo "2477"]
[BlackElo "2585"]
[TimeControl "180+1"]
[EndTime "11:54:05 PDT"]
[Termination "Orest_Vovk won by resignation"]

1. e4 c6 2. Nf3 d5 3. Nc3 Bg4 4. h3 Bxf3 5. Qxf3 dxe4 6. Nxe4 Nd7 7. Qe3 Ndf6 8. d4 Nxe4 9. Qxe4 Nf6 10. Qe3 e6 11.
Be2 Be7 12. O-O O-O 13. c4 Qd7 14. Rd1 Rfd8 15. Qf3 a5 16. Be3 Qc7 17. Rac1 Rd7 18. d5 exd5 19. cxd5 c5 20. Bb5 Rdd8 21. a4 Bd6 22. b3 b6 23. Bc6 Rab8 24. Bg5 Be7 25. Re1 h6 26. Bh4 Nxd5 27. Bg3 Qxc6 28. Bxb8 Rxb8 29. Rcd1 Rd8 30. Rxe7 Nxe7 31. Rxd8+ Kh7 32. Qxf7 Qe4 33. Re8 Qb1+ 34. Kh2 Nc6 35. Qg8+ Kg6 36. Re6+ 1-0

[Event "*** Titled Tuesday Blitz"]
[Site "Chess.com"]
[Date "2021.04.20"]
[Round "10"]
[White "C_K_G"]
[Black "WcmDominicToretto"]
[Result "1-0"]
[WhiteElo "2088"]
[BlackElo "1876"]
[TimeControl "180+1"]
[EndTime "11:54:08 PDT"]
[Termination "C_K_G won by resignation"]

1. e4 e5 2. Nf3 Nc6 3. Bc4 Bc5 4. c3 Nf6 5. d4 exd4 6. cxd4 Bb4+ 7.
Nc3 Nxe4 8. O-O Bxc3 9. d5 Na5 10. Bd3 Bf6 11. Qe2 O-O 12. Qxe4 g6 13. d6 cxd6 14. Re1 Nc6 15. Bh6 Bg7 16. Qf4 Ne5 17. Bxg7 Nxd3 18.
Qh6 Nxe1 19. Ng5 Nf3+ 20. gxf3 Qxg5+ 21. Qxg5 Kxg7 22. Qe7 b6 23. Qxd6 Bb7 24. Qxd7 Bxf3 25. Qd4+ Kg8 26. Re1 Rad8 27. Qf6 Ba8 28. h4 Rfe8 29.
Rxe8+ Rxe8 30. h5 Re1+ 31. Kh2 Rh1+ 32. Kg3 Rg1+ 33. Kf4 Bc6 34. h6 Kf8 35. Qxc6 1-0

[Event "*** Titled Tuesday Blitz"]
[Site "Chess.com"]
[Date "2021.04.20"]
[Round "10"]
[White "BashirliSaadat"]
[Black "Mbneu"]
[Result "0-1"]
[WhiteElo "2180"]
[BlackElo "2309"]
[TimeControl "180+1"]
[EndTime "11:54:11 PDT"]
[Termination "Mbneu won by resignation"]

1. e4 c5 2. Nf3 Nf6 3. Nc3 d5 4. exd5 Nxd5 5. Bb5+ Bd7 6. Bxd7+ Qxd7 7. Nxd5 Qxd5 8.
O-O Nc6 9. d3 e6 10. Re1 Be7 11.
Be3 O-O 12. Qd2 Rfd8 13. Rad1 Qxa2 14. b3 Qa5 15. c3 Qb5 16. Qc2 Qa5 17. Ra1 Qc7 18.
d4 cxd4 19. cxd4 a6 20. Red1 Rac8 21. Rac1 Qd7 22. Qb2 Nb4 23. Rxc8 Rxc8 24. Rc1 Rxc1+ 25. Qxc1 Qc6 26. Qd2 Qc2 27. Qxc2 Nxc2 28. Bd2 f6 29. Kf1 Bb4 30. Bc1 Bc3 31. Ke2 Nxd4+ 32. Nxd4 Bxd4 33.
f3 Kf7 34. Kd3 Ba7 35. Kc4 Ke7 36. Ba3+ Kd7 37. Bf8 g6 38. Bg7 f5 39. Be5 Bb6 40.
Bf4 Bc7 41. Be3 Bd6 42. Bd2 b5+ 43. Kd4 Kc6 44. g3 e5+ 45. Ke3 Kd5 46. Bc3 Bc7 47.
Kd3 a5 48. b4 axb4 49. Bxb4 Bd6 50. Bc3 b4 51. Bb2 e4+ 52. fxe4+ fxe4+ 53. Ke3 Be5 54. Bc1 b3 55. Ba3 b2 56. Bxb2 Bxb2 57. Ke2 Kd4 0-1

[Event "*** Titled Tuesday Blitz"]
[Site "Chess.com"]
[Date "2021.04.20"]
[Round "10"]
[White "DeTimmerman"]
[Black "Cptn2"]
[Result "1-0"]
[WhiteElo "2816"]
[BlackElo "2598"]
[TimeControl "180+1"]
[EndTime "11:54:14 PDT"]
[Termination "DeTimmerman won by resignation"]

1. b4 e5 2. Bb2 d6 3. b5 g6 4.
a4 Bg7 5. c4 Ne7 6. e3 O-O 7. Nf3 f5 8. Be2 Kh8 9. O-O c6 10. d4 e4 11. Nfd2 Nd7 12. Nc3 c5 13. dxc5 dxc5 14. Qc2 b6 15. Rad1 Qc7 16. f3 exf3 17.
Bxf3 Bb7 18. e4 Bd4+ 19. Kh1 fxe4 20. Ndxe4 Nf5 21. Rfe1 Ne5 22. Ne2 Nxf3 23. gxf3 Rad8 24.
Nxd4 cxd4 25. Qf2 Qf4 26. Bxd4+ Kg8 27. Be3 Nxe3 28. Rxd8 Rxd8 29. Qxe3 Qxe3 30. Rxe3 Rd4 31. c5 Bxe4 32. Rxe4 bxc5 33. Rxd4 cxd4 34. Kg2 Kf7 35. a5 Ke6 36. b6 axb6 37. a6 1-0

[Event "*** Titled Tuesday Blitz"]
[Site "Chess.com"]
[Date "2021.04.20"]
[Round "10"]
[White "WinstonSilvakov"]
[Black "Guzman70"]
[Result "0-1"]
[WhiteElo "2088"]
[BlackElo "2290"]
[TimeControl "180+1"]
[EndTime "11:54:14 PDT"]
[Termination "Guzman70 won by resignation"]

1. e4 c5 2. Nf3 d6 3. d4 cxd4 4. c3 dxc3 5. Nxc3 Nf6 6. Bc4 a6 7. O-O Nc6 8. Qe2 Bg4 9. Rd1 e6 10. Bb3 Be7 11. Bf4 e5 12. Bg5 O-O 13. Bxf6 Bxf6 14.
Nd5 Nd4 15. Rxd4 exd4 16. Qd3 Be6 17. Nxd4 Bxd5 18. Bxd5 Rc8 19. Bxb7 Rc5 20. Bd5 Qb6 21. Nb3 Rc7 22. Qd2 Rfc8 23. Qd3 a5 24. h3 a4 25. Nd2 Bxb2 26. Rb1 a3 27. Qf3 Qd4 28. Nc4 Rxc4 29. Qxf7+ Kh8 0-1

[Event "*** Titled Tuesday Blitz"]
[Site "Chess.com"]
[Date "2021.04.20"]
[Round "10"]
[White "FGHSMN"]
[Black "Aygehovit1992"]
[Result "1-0"]
[WhiteElo "2498"]
[BlackElo "2649"]
[TimeControl "180+1"]
[EndTime "11:54:19 PDT"]
[Termination "FGHSMN won by resignation"]

1. e4 c6 2. d4 Na6 3. Nc3 Nc7 4. Nf3 g6 5. Be2 Bg7 6. O-O d6 7. Be3 Nf6 8. h3 b5 9. a3 a5 10. e5 Nfd5 11. Nxd5 Nxd5 12. Bd2 O-O 13. b3 Be6 14. c4 Nc7 15. Qc2 a4 16. bxa4 Rxa4 17. cxb5 Nxb5 18. Qxa4 Qb6 19. Rab1 h6 20. Bxb5 cxb5 21. Qxb5 Qa7 22. d5 Bf5 23. exd6 exd6 24. Rb3 Bc2 25. Be3 Qa8 26. Rb2 Be4 27. Bd4 Bxd4 28. Nxd4 Bxd5 29. Qd3 Bxg2 30. Re1 Bd5 31. Rbe2 Rc8 32. Qg3 Bc4 33. Re7 Qd5 34. Re8+ Rxe8 35. Rxe8+ Kg7 36. Qc3 Qg5+ 37. Kh1 Bd5+ 38. Nf3+ Qf6 39. Rg8+ 1-0

[Event "*** Titled Tuesday Blitz"]
[Site "Chess.com"]
[Date "2021.04.20"]
[Round "10"]
[White "pastouche06"]
[Black "blitzking1729"]
[Result "0-1"]
[WhiteElo "2560"]
[BlackElo "2654"]
[TimeControl "180+1"]
[EndTime "11:54:20 PDT"]
[Termination "blitzking1729 won by resignation"]

1. d4 d6 2. e4 Nf6 3. f3 e5 4. Ne2 c6 5. c4 Nbd7 6. Nbc3 g6 7.
Be3 Bg7 8. Qd2 O-O 9. d5 cxd5 10.
cxd5 a6 11. Ng3 b5 12. a3 Nh5 13. Nxh5 gxh5 14. Be2 f5 15. exf5 Rxf5 16. Ne4 Qe7 17.
O-O h4 18. Bg5 Qf8 19. Bxh4 Nb6 20. Qb4 Nxd5 21. Qxd6 Nf4 22. Bd1 Be6 23. Qxf8+ Rfxf8 24. Nc5 Bc4 25. Re1 e4 26. Nxe4 Nd3 27. Re2 Nxb2 28.
Rb1 Nxd1 29. Rxd1 Bxe2 30. Rd7 Rf7 0-1

[Event "*** Titled Tuesday Blitz"]
[Site "Chess.com"]
[Date "2021.04.20"]
[Round "10"]
[White "ljuks68"]
[Black "Sanyura"]
[Result "0-1"]
[WhiteElo "2457"]
[BlackElo "2595"]
[TimeControl "180+1"]
[EndTime "11:54:20 PDT"]
[Termination "Sanyura won on time"]

1. e4 c5 2. Nf3 e6 3. d4 cxd4 4.
Nxd4 Nf6 5. Nc3 Nc6 6. Nxc6 bxc6 7. e5 Nd5 8. Ne4 Qc7 9. f4 Qb6 10. c4 Bb4+ 11. Ke2 f5 12. Nf2 Ne7 13. Nd3 Bc5 14.
Nxc5 Qxc5 15. Kf3 Qb6 16. Rb1 g5 17.
Be3 c5 18. b4 Qc6+ 19. Kf2 cxb4 20. Rxb4 Ng6 21. fxg5 Nxe5 22. Qh5+ Ke7 23. Be2 Ng6 24. Bf3 d5 25. cxd5 Qc2+ 26. Be2 Ba6 27. Re1 f4 0-1

[Event "*** Titled Tuesday Blitz"]
[Site "Chess.com"]
[Date "2021.04.20"]
[Round "10"]
[White "Harald_Schmidt"]
[Black "artichaud"]
[Result "1-0"]
[WhiteElo "2404"]
[BlackElo "2234"]
[TimeControl "180+1"]
[EndTime "11:54:21 PDT"]
[Termination "Harald_Schmidt won by resignation"]

1. e4 d5 2. exd5 Qxd5 3. Nc3 Qd6 4. b3 Nf6 5. Bb2 Nc6 6. Bb5 a6 7. Bxc6+ Qxc6 8. f3 b5 9. Nge2 Bb7 10. Nd4 Qd7 11. Nde2 e6 12. Ng3 Be7 13. Qe2 c5 14. Nce4 Nxe4 15.
fxe4 f6 16. O-O O-O 17. d3 Rac8 18. Rad1 Rfe8 19. Qg4 Kh8 20. Nh5 Bd8 21. Nxf6 gxf6 22. Rxf6 e5 23. Qxd7 Bxf6 24. Qxb7 1-0

[Event "*** Titled Tuesday Blitz"]
[Site "Chess.com"]
[Date "2021.04.20"]
[Round "10"]
[White "alejanchess73"]
[Black "tteshan"]
[Result "1-0"]
[WhiteElo "2445"]
[BlackElo "2242"]
[TimeControl "180+1"]
[EndTime "11:54:21 PDT"]
[Termination "alejanchess73 won by resignation"]

1. e4 c5 2. Nf3 Nc6 3. Bc4 e6 4. d3 g6 5. c3 Bg7 6. O-O Nge7 7.
Bg5 h6 8. Bh4 O-O 9. Nbd2 d5 10.
Bb3 Qc7 11. Bg3 Qd7 12. Re1 b6 13. Ba4 Bb7 14. Ne5 Qc8 15. f4 Nxe5 16. fxe5 a6 17.
Kh1 b5 18. Bc2 d4 19. cxd4 cxd4 20. Nf3 Nc6 21. Rc1 Qd7 22. Bb3 Rac8 23. a3 Rc7 24. h4 Rfc8 25. Qd2 a5 26. Ba2 b4 27. Bc4 Qe7 28.
a4 Nb8 29. b3 Rd8 30. Kh2 Na6 31. Rh1 Nc5 32. Kg1 h5 33. Bf4 Rdc8 34. Rf1 Qd7 35. Bh6 Kh7 36. Bxg7 Kxg7 37. Ng5 Rf8 38. Rh3 Qd8 39.
Rhf3 Bc6 40. Bxe6 Nxe6 41. Nxe6+ fxe6 42. Rxf8 Qxf8 43. Rxf8 Kxf8 44. Qh6+ Kf7 45. Qh7+ 1-0

[Event "*** Titled Tuesday Blitz"]
[Site "Chess.com"]
[Date "2021.04.20"]
[Round "10"]
[White "Kostukov_Alex"]
[Black "BL4D3RUNN3R"]
[Result "1-0"]
[WhiteElo "2320"]
[BlackElo "2111"]
[TimeControl "180+1"]
[EndTime "11:54:22 PDT"]
[Termination "Kostukov_Alex won on time"]

1. e4 c6 2. g3 d5 3. d3 dxe4 4.
dxe4 Qxd1+ 5. Kxd1 Nd7 6. Be3 e5 7. Nd2 Bc5 8. Bxc5 Nxc5 9. f3 Be6 10. Bh3 Rd8 11. Ke2 Nf6 12. Bxe6 Nxe6 13. c3 Nd7 14. Nh3 Ndc5 15. Nf2 Na4 16. Rab1 Ke7 17. Nc4 f6 18. Rhd1 Rxd1 19. Nxd1 Rd8 20. b3 Rxd1 21. Rxd1 Nxc3+ 22. Kd2 Nxd1 23. Kxd1 Nc5 24. b4 Ne6 25. Na5 Nd8 26. Ke2 Kd6 27. Kd3 b6 28. Nc4+ Ke6 29. f4 g6 30. a4 Nb7 31. fxe5 fxe5 32. Nd2 c5 33. Kc4 cxb4 34. Kxb4 a6 35. Nc4 Nc5 36. Nd2 Kd6 37. Nc4+ Ke6 38. Nd2 Nd3+ 39. Kc4 Nf2 40. Kb4 Ng4 41. h4 Nf6 42. a5 1-0

[Event "*** Titled Tuesday Blitz"]
[Site "Chess.com"]
[Date "2021.04.20"]
[Round "10"]
[White "Andreikka"]
[Black "Indianlad"]
[Result "1-0"]
[WhiteElo "2887"]
[BlackElo "2921"]
[TimeControl "180+1"]
[EndTime "11:54:25 PDT"]
[Termination "Andreikka won by resignation"]

1. e4 e5 2. Nf3 Nc6 3. Bb5 a6 4. Ba4 Nf6 5. O-O Be7 6. d3 b5 7. Bb3 O-O 8. h3 d6 9. Bd2 Nb8 10. a4 Bb7 11. Nc3 c6 12. Re1 Nbd7 13. Ba2 Nc5 14.
axb5 axb5 15. Ne2 Na4 16. b4 Bc8 17. Ng3 h6 18. d4 Qc7 19. Qc1 Kh7 20. c4 bxc4 21.
Bxc4 Bd7 22. Bb3 Nb6 23. Rxa8 Nxa8 24. dxe5 dxe5 25. Bc3 Bd6 26. Qb2 Rb8 27. Bxf7 Bxh3 28. Bc4 Nb6 29. Bb3 Bc8 30. Nxe5 c5 31. Nf3 Be7 32. Be5 Bd6 33. Bxd6 Qxd6 34. e5 1-0